Map: Triton LE

Players

Grizzl - Winner!

  • Race: Terran Terran
  • Spawn Location: 5:00

VOD

Have the link to the VOD?

Description

Time

  • Played on: Jan. 1, 2020, 5:06 a.m.
  • Length: 21:40
Show
View Real Time Build Order
Export as new Build Order

Grizzl Terran - Winner!

Build Orders:  

Get SALT Encoding   

  12  0:01  SCV  
  13  0:18  SCV  
  14  0:26  Supply Depot  
  14  0:35  SCV  
  15  0:56  SCV  
  15  0:59  Barracks  
  16  1:04  Refinery  
  16  1:14  SCV  
  17  1:31  SCV  
  18  1:48  SCV  
  19  2:05  Orbital Command  
  19  2:26  Command Center  
  19  2:40  Supply Depot  
  19  2:41  SCV  
  20  2:56  Factory  
  20  2:59  Barracks Tech Lab  
  20  3:04  SCV  
  21  3:21  SCV  
  22  3:38  SCV  
  23  3:43  Refinery  
  23  3:54  Factory  
  23  3:55  SCV  
  24  4:02  Barracks Reactor  
  24  4:07  Supply Depot  
  24  4:12  Orbital Command  
  24  4:25  SCV  
  25  4:42  SCV  
  25  4:47  Siege Tank  
  29  4:55  SCV  
  29  4:59  SCV  
  31  5:12  SCV  
  31  5:16  SCV  
  31  5:19  Refinery  
  33  5:20  Hellion x2  
  33  5:29  SCV  
  38  5:32  Siege Tank  
  38  5:33  SCV  
  38  5:35  Supply Depot  
  38  5:39  Engineering Bay  
  42  5:46  SCV  
  43  5:50  SCV  
  43  5:52  Hellion  
  43  5:53  Hellion  
  48  6:03  SCV  
  48  6:07  SCV  
  50  6:17  Siege Tank  
  53  6:22  Hellion x2  
  53  6:23  Supply Depot  
  53  6:29  Armory  
  57  6:32  SCV x2  
  59  6:45  Command Center  
  59  6:49  SCV x2  
  61  6:58  Refinery  
  61  6:59  Hellion  
  63  7:00  Hellion  
  63  7:06  SCV x2  
  63  7:08  Siege Tank  
  70  7:25  Supply Depot  
  70  7:29  Supply Depot  
  70  7:37  Hellion x2, SCV x2  
  76  7:54  SCV x2  
  76  7:56  Thor  
  84  8:11  SCV x2  
  86  8:24  Hellion  
  86  8:27  Hellion  
  86  8:28  SCV x2  
  92  8:31  Command Center  
  92  8:54  Hellion  
  92  8:56  Thor  
  92  8:57  Hellion  
  102  9:00  Terran Vehicle Weapons Level 1  
  102  9:02  Supply Depot  
  102  9:03  Supply Depot  
  102  9:13  SCV x2, Armory  
  104  9:30  SCV  
  105  9:40  Refinery  
  105  9:42  Refinery  
  105  9:45  Missile Turret  
  105  9:49  Missile Turret  
  105  9:52  Missile Turret  
  105  9:53  SCV x2  
  107  10:00  Orbital Command  
  107  10:10  Thor  
  107  10:12  Hellion x2  
  117  10:23  Command Center, SCV x2  
  119  10:44  Terran Vehicle And Ship Armor Level 1  
  119  10:49  SCV x2  
  66  10:50  SCV  
  121  10:53  Planetary Fortress  
  122  11:01  Hi-Sec Auto Tracking  
  122  11:06  SCV x3  
  125  11:10  Thor  
  131  11:31  Hellion x2  
  135  11:41  Factory  
  135  11:42  Factory  
  135  11:47  Factory  
  135  11:49  Factory  
  135  11:53  Factory  
  135  11:56  Factory  
  135  12:00  Factory  
  135  12:02  SCV  
  135  12:03  SCV x2  
  135  12:04  SCV  
  139  12:10  Thor  
  139  12:17  Hellion x2  
  149  12:21  SCV  
  149  12:22  SCV x2  
  149  12:23  SCV  
  153  12:43  Command Center  
  153  12:51  Supply Depot  
  153  12:53  SCV  
  153  12:54  SCV, Supply Depot  
  153  12:55  Supply Depot  
  153  12:57  Supply Depot  
  155  13:03  Refinery  
  155  13:04  Refinery  
  155  13:07  Missile Turret  
  155  13:21  Thor, SCV x2  
  155  13:24  SCV  
  164  13:30  Hellion  
  164  13:31  Hellion, Factory Tech Lab  
  164  13:32  Command Center, Factory Tech Lab  
  164  13:33  Factory Tech Lab  
  164  13:34  Factory Reactor, Factory Tech Lab  
  168  13:54  Factory Reactor  
  168  13:57  Factory Tech Lab  
  156  14:09  SCV x2  
  156  14:10  SCV x2  
  158  14:26  SCV x2  
  158  14:27  SCV x2  
  162  14:31  Planetary Fortress  
  162  14:44  Terran Vehicle Weapons Level 2  
  162  14:45  Terran Vehicle And Ship Armor Level 2  
  162  14:52  Siege Tank x4  
  162  14:58  Refinery  
  162  14:59  Refinery  
  162  15:01  Thor  
  162  15:02  Thor x3  
  186  15:12  Thor, Hellion x4  
  186  15:17  Supply Depot x3  
  200  15:20  Supply Depot  
  200  16:19  Infernal Pre-Igniter  
  200  16:37  Structure Armor  
  200  17:01  Sensor Tower  
  200  17:08  Sensor Tower  
  200  17:13  Sensor Tower  
  200  17:18  Unknown  
  200  17:23  Hellion  
  200  17:24  Hellion  
  200  17:27  Thor  
  193  17:34  Missile Turret  
  177  17:45  Thor x4  
  177  17:46  Thor  
  177  17:48  Hellion  
  200  17:56  Terran Vehicle And Ship Armor Level 3, Terran Vehicle Weapons Level 3  
  196  18:13  Hellion  
  196  18:14  Hellion x3  
  196  18:15  Hellion  
  192  18:21  Hellion  
  192  18:27  Thor  
  200  18:36  Factory  
  200  18:39  Factory x2  
  200  18:43  Factory  
  200  18:48  Factory  
  200  18:50  Factory  
  200  19:38  Command Center  
  200  19:47  Command Center  
  200  19:58  Factory Tech Lab x2  
  200  20:00  Factory Tech Lab  
  200  20:01  Factory Reactor  
  200  20:03  Thor  
  200  21:13  Command Center  
Tags
 
Matchup
Co-op
Add a new tag
Caveats
  • Supply blocks, unpowered buildings, or Contaminate may cause inaccurate times.
  • Supply counts are checked every 10 seconds.